 Dungeon Crawl Stone Soup version 0.29-a0-330-g52719c12eb (webtiles) character file.

Game seed: 14952844057685299051

39 kae the Firebug (level 3, 0/27 HPs)
             Began as a Demigod Fire Elementalist on May 30, 2022.
             Slain by a scorpion (6 damage)
             ... on level 1 of the Dungeon.
             The game lasted 00:00:54 (1983 turns).

kae the Firebug (Demigod Fire Elementalist)         Turns: 1983, Time: 00:00:55

Health: 0/27       AC:  2    Str:  9    XL:     3   Next: 13%
Magic:  2/8        EV: 12    Int: 21    God:
Gold:   59         SH:  0    Dex: 14    Spells: 3/6 levels left

rFire   . . .      SeeInvis .   (no weapon)
rCold   . . .      Faith    .   (no shield)
rNeg    . . .      Spirit   .   a - +0 robe
rPois   .          Reflect  .   (no helmet)
rElec   .          Harm     .   (no cloak)
rCorr   .          Rampage  .   (no gloves)
Will    .....                   (no boots)
Stlth   ++........              (no amulet)
HPRegen 0.09/turn               (no ring)
MPRegen 0.11/turn               (no ring)

@: no status effects
A: high MP 1, forlorn, divine attributes
a: no special abilities


You were on level 1 of the Dungeon.
You visited 1 branch of the dungeon, and saw 2 of its levels.

You collected 59 gold pieces.

Inventory:

Armour
 a - a +0 robe (worn)
Scrolls
 c - a scroll of teleportation {unknown}
 e - 2 scrolls of identify {unknown}
 f - a scroll of fog {unknown}
 g - a scroll of amnesia {unknown}
Potions
 b - 3 potions of magic
 d - 3 potions of haste {unknown}
 h - a potion of cancellation {unknown}
 i - a potion of flight {unknown}


   Skills:
 + Level 0.6 Fighting
 - Level 1.7 Dodging
 - Level 1.7 Stealth
 + Level 2.1 Spellcasting
 * Level 1.8 Conjurations
 * Level 3.2 Fire Magic


You had 3 spell levels left.
You knew the following spells:

 Your Spells              Type           Power      Damage    Failure   Level
a - Foxfire               Conj/Fire      48%        2x1d6     5%          1
b - Scorch                Fire           30%        2d6       6%          2

Your spell library contained the following spells:

 Spells                   Type           Power      Damage    Failure   Level
 Conjure Flame            Conj/Fire      12%        6-21      16%         3
 Inner Flame              Hex/Fire       8%         N/A       22%         3
 Flame Wave               Conj/Fire      12%        2d6       45%         4


Dungeon Overview and Level Annotations

Branches:
Dungeon (2/15)

Annotations:
D:1 exclusion: gnoll


Innate Abilities, Weirdness & Mutations

You have an increased reservoir of magic. (+10% MP)
You shall have no god before yourself.
Your divine heritage dramatically boosts your attributes as you level up.


Message History

Flames lash the goblin.
You kill the goblin!
Casting: Scorch (safe; 6% risk of failure)
Confirm with . or Enter, or press ? or * to list all spells.
You can't see any susceptible monsters within range! (Use Z to cast anyway.)
Casting: Scorch (safe; 6% risk of failure)
Confirm with . or Enter, or press ? or * to list all spells.
You can't see any susceptible monsters within range! (Use Z to cast anyway.) Magic restored.
HP restored.
Partly explored, can't reach some places.
Partly explored, can't reach some places.
You climb downwards.
The quokka twitches its whiskers.
The quokka bites you. The quokka barely misses you.
There is a stone staircase leading up, spattered with blood here.
Casting: Scorch (safe; 6% risk of failure)
Confirm with . or Enter, or press ? or * to list all spells.
Flames lash the quokka.
You kill the quokka!
The ball python hisses angrily.
The scorpion stings you. The scorpion stings you.
You climb upwards.
Level annotation: exclusion: gnoll
There is a stone staircase leading down, spattered with blood here.
Casting: Scorch (safe; 6% risk of failure)
Confirm with . or Enter, or press ? or * to list all spells.
Flames lash the scorpion.
The scorpion is lightly wounded.
The scorpion's fire resistance burns away.
The scorpion stings you.
* * * LOW HITPOINT WARNING * * *
The scorpion completely misses you.
Casting: Scorch (safe; 6% risk of failure)
Confirm with . or Enter, or press ? or * to list all spells.
Flames lash the scorpion.
The scorpion is burned terribly!
The scorpion is heavily wounded.
The scorpion stings you.
You die...

#.#.#.#.#.#......########
..#######..#####....†...#
.## ##.#####..#####.# ..#
#...[.##..# #.# #.##
#####.##..# #.# #..#
#.........# #.# ##.##
#.###.###.# #.#
##..#####.###..)..# #.#
................@s# #.#
###..####.##..###.# #.#
####.####.##..# ### #.#
..........##..# #.#
####..######..# #.#
##....## #..# #.#
#####..# #..# #.#
.......# #..# #.#
######.# #..# #.#


You could see a scorpion (combustible).

Vanquished Creatures
  A worm (D:1)
  4 ball pythons (D:1)
  4 bats (D:1)
  2 endoplasms (D:1)
  3 giant cockroaches (D:1)
  A goblin (D:1)
  4 hobgoblins (D:1)
  2 jackals
  3 kobolds (D:1)
  A quokka (D:2)
  3 frilled lizards (D:1)
  5 rats (D:1)
33 creatures vanquished.

Vanquished Creatures (others)
  88 foxfires
88 creatures vanquished.

Grand Total: 121 creatures vanquished

Notes
Turn   | Place    | Note
-------+----------+-------------------------------------------
     0 | D:1      | kae the Demigod Fire Elementalist began the quest for the
                  | Orb.
     0 | D:1      | Reached XP level 1. HP: 14/14 MP: 5/5
    88 | D:1      | Reached skill level 1 in Conjurations
   527 | D:1      | Reached XP level 2. HP: 20/20 MP: 5/7
   703 | D:1      | Reached skill level 3 in Fire Magic
  1108 | D:1      | Learned a level 2 spell: Scorch
  1421 | D:2      | Noticed a scorpion
  1540 | D:1      | Reached XP level 3. HP: 5/27 MP: 3/8
  1540 | D:1      | HP: 1/27 [hobgoblin (4)]
  1983 | D:1      | Slain by a scorpion

Illustrated notes

Levels and vault maps discovered:
D:1:      onia_arrival_handbag, layout_basic, st_stairs_12
D:2:      layout_loops_ring, hellmonk_ecumenical_altar_inner_sanctum

Skill      XL: |  1  2 |
---------------+-------+-----
Conjurations   | 1 |  1.8
Fire Magic     | 3 |  3.2
Spellcasting   | 2 |  2.1
Fighting       | |  0.6
Dodging        | |  1.7
Stealth        | |  1.7

Action                   || total
-------------------------++-------
Melee: Unarmed           ||     7
 Cast: Foxfire           ||    56
       Scorch            ||     7
Armor: Robe              ||     9
Dodge: Dodged            ||    30

Table legend: (Time is in decaauts)
 A = Elapsed time spent in this place.
 B = Non-inter-level travel time spent in this place.
 C = Inter-level travel time spent in this place.
 D = Time resting spent in this place.
 E = Time spent auto-exploring this place.
 F = Levels seen in this place.
 G = Mean time per level.
                   A        B        C        D        E       F      G
               +--------+--------+--------+--------+--------+-----+--------+
         Total |   1986 |   1975 |     11 |      0 |   1760 |   2 |  993.0 |
       Dungeon |   1986 |   1975 |     11 |      0 |   1760 |   2 |  993.0 |
               +--------+--------+--------+--------+--------+-----+--------+

Top non-repeatable levels by time:
     D:1: 1967 daAuts
     D:2: 19 daAuts
